 Dungeon Crawl Stone Soup version 0.24-a0-139-geb6712d (webtiles) character file.

Game seed: 10178543378371777185

3 Anon1729 the Shield-Bearer (level 1, 0/16 HPs)
             Began as an Octopode Fighter on Mar 2, 2019.
             Slain by a jackal (1 damage)
             ... on level 3 of the Dungeon.
             The game lasted 00:00:31 (80 turns).

Anon1729 the Shield-Bearer (Octopode Fighter)         Turns: 80, Time: 00:00:32

Health: 0/16       AC:  1    Str: 20    XL:     1   Next: 50%
Magic:  1/1        EV: 11    Int: 10    God:
Gold:   14         SH:  9    Dex: 11    Spells: 0/0 levels left

rFire    . . .     SeeInvis .     - Unarmed
rCold    . . .     Gourm    .   a - +0 shield
rNeg     . . .     Faith    .   (helmet restricted)
rPois    .         Spirit   .   (no amulet)
rElec    .         Reflect  .   (no ring)
rCorr    .         Harm     .   (no ring)
MR       .....                  (no ring)
Stlth    ++........             (no ring)
HPRegen  0.05/turn              (no ring)
MPRegen  0.07/turn              (no ring)
                                (no ring)
                                (no ring)

@: mighty
A: almost no armour, stealthy swim, amphibious, 8 rings, constrict 8, camouflage
1, gelatinous body 1
a: no special abilities


You were on level 3 of the Dungeon.
You were not hungry.

You visited 1 branch of the dungeon, and saw 3 of its levels.

You collected 14 gold pieces.

Inventory:

Armour
 a - a +0 shield (worn)
Comestibles
 c - 3 rations
 d - 2 chunks of flesh


   Skills:
 + Level 3.0 Fighting
 + Level 3.0 Dodging
 + Level 0.4 Stealth
 + Level 3.0 Shields
 + Level 2.0 Unarmed Combat


You couldn't memorise any spells.
You didn't know any spells.
Your spell library was empty.

Dungeon Overview and Level Annotations

Branches:
Dungeon (2/15)

Altars:


Innate Abilities, Weirdness & Mutations

You cannot wear most types of armour.
You are very stealthy in the water. (Stealth+)
You are amphibious.
You can wear up to eight rings at the same time.
You can use your tentacles to constrict eight enemies at once.
Your skin changes colour to match your surroundings (Stealth+).
Your rubbery body absorbs attacks. (AC +1, EV +1)


Message History

The bat misses you. The jackal closely misses you. The bat hits you.
The bat barely misses you. The bat hits you. The jackal bites you.
The jackal completely misses you. The jackal bites you. The bat hits you.
You feel very mighty all of a sudden. You block the bat's attack.
The bat hits you. The bat closely misses you.
The jackal bites you but does no damage.
The quokka misses you.
You bludgeon the jackal!
You kill the jackal!
The bat hits you. You block the bat's attack. The jackal bites you.
* * * LOW HITPOINT WARNING * * *
The jackal bites you.
* * * LOW HITPOINT WARNING * * *
The quokka barely misses you.
Unknown command.
You closely miss the jackal. Your grab misses the jackal. The bat hits you.
* * * LOW HITPOINT WARNING * * *
You block the bat's attack. The jackal barely misses you. The jackal bites you.
You die...

#####+#+#
#.........
#.........
#..........
#....!.....
#.r........
#@hho....!.
#bho.......#
#bo........###
#..w.........#
###'#####....#
#o.....o..o#
#..........#
#..........#
#...)......#


You could see a worm, 4 orcs, a quokka, 3 jackals and 2 bats.

Vanquished Creatures
  A leopard gecko (D:2)
  A jackal (D:3)
2 creatures vanquished.

Notes
Turn   | Place    | Note
-------+----------+-------------------------------------------
     0 | D:1      | Anon1729 the Octopode Fighter began the quest for the Orb.
     0 | D:1      | Reached XP level 1. HP: 16/16 MP: 1/1
    67 | D:2      | You fall through a shaft!
    80 | D:3      | Slain by a jackal

Levels and vault maps discovered:
D:1:      psy_arrival_spokes, layout_rooms
D:2:      layout_basic
D:3:      minmay_wonky_spiral, layout_basic, gammafunk_ghost_stat_death,
          uniq_ijyb

Action                   || total
-------------------------++-------
Melee: Unarmed           ||     3
  Use: Potion            ||     1
 Stab: Sleeping          ||     1
Armor: Skin              ||     1
Dodge: Dodged            ||     8
Block: Shield            ||     3

Table legend:
 A = Non-vault XP
 B = Vault XP
 C = Vault XP percentage of total XP
 D = Non-vault monster count
 E = Vault monster count
 F = Vault count percentage of total count
                 A         B        C        D         E       F
            +---------+---------+-------+---------+---------+-------
      Total |       5 |       0 |   0.0 |       2 |       0 |   0.0
            +---------+---------+-------+---------+---------+-------
        D:2 |       3 |       0 |   0.0 |       1 |       0 |   0.0
        D:3 |       2 |       0 |   0.0 |       1 |       0 |   0.0
            +---------+---------+-------+---------+---------+-------
